 Dungeon Crawl Stone Soup version 0.16.1-2-g95b8d4c (webtiles) character file.

587453 Tolias the Shatterer (level 26, -7/273 (276) HPs)
             Began as an Ogre Summoner on Mar 25, 2015.
             Was the Champion of the Shining One.
             Killed from afar by the Serpent of Hell (23 damage)
             ... with a blast of hellfire
             ... on level 7 of Gehenna on Mar 26, 2015.
             The game lasted 04:26:17 (37906 turns).

Tolias the Shatterer (Ogre Summoner)               Turns: 37906, Time: 04:26:17

HP:   -7/273 (276)  AC: 16    Str: 21    XL:     26   Next: 20%
MP:   0/47          EV: 17    Int: 16    God:    the Shining One [******]
Gold: 293           SH:  0    Dex: 15    Spells: 14 memorised, 1 level left

rFire  + . .     SeeInvis .     a - +6 giant spiked club (holy)
rCold  . . .     Clarity  .     h - +4 moon troll leather armour {Spirit, Regen++ MP+5}
rNeg   + + +     SustAb   .     (shield restricted)
rPois  .         Gourm    .     N - +2 hat of the Bear Spirit {Spirit, +Rage rN+ MR++}
rElec  .         Spirit   +     Q - +2 cloak
rCorr  .         Warding  .     (gloves unavailable)
rMut   .         Stasis   .     (boots unavailable)
MR     ++++.                    V - amulet of regeneration
Stlth  +.........               H - ring of protection from fire
                                (no ring)

@: about to teleport, very slightly contaminated, hasted, glowing, repel
missiles, very quick, incredibly resistant to hostile enchantments, very
unstealthy
A: unfitting armour, antennae 1, tough skin 1
a: Divine Shield, Cleansing Flame, Summon Divine Warrior, Renounce Religion,
Evoke Berserk Rage
}: 5/15 runes: serpentine, barnacled, silver, iron, bone


You were on level 7 of Gehenna.
You worshipped the Shining One.
The Shining One was exalted by your worship.
You were not hungry.

You visited 14 branches of the dungeon, and saw 77 of its levels.
You also visited: Labyrinth and Ice Cave.

You collected 3887 gold pieces.
You spent 3594 gold pieces at shops.

Inventory:

Hand weapons
 a - a +6 giant spiked club of holy wrath (weapon)
Missiles
 F - 21 javelins
 O - 6 tomahawks of returning
 T - 42 large rocks (quivered)
 Z - 8 throwing nets
Armour
 h - the +4 moon troll leather armour (worn) {Spirit, Regen++ MP+5}
   (You found it on level 4 of the Snake Pit)

   It affects your magic capacity (+5).
   It increases your rate of regeneration.
 x - the +0 mask of the Dragon {MR+ Slay+3 SInv}
   (You found it in a labyrinth)

   It affects your accuracy and damage with ranged weapons and melee attacks
   (+3).
   It affects your resistance to hostile enchantments.
   It enhances your eyesight.
 N - the +2 hat of the Bear Spirit (worn) {Spirit, +Rage rN+ MR++}
   (You found it on level 9 of the Dungeon)

   It protects you from negative energy.
   It affects your resistance to hostile enchantments.
   It lets you go berserk.
 Q - a +2 cloak (worn)
Rods
 r - a +2 rod of ignition (14/14) {!a}
   (You found it on level 3 of the Shoals)
 z - a +4 rod of inaccuracy (9/9) {!a}
   (You took it off a yaktaur captain on level 5 of the Vaults)
 W - a +0 rod of shadows (14/14) {!a}
   (You found it on level 7 of the Dungeon)
Jewellery
 b - the amulet "Zideiti" {Clar rF+}
   (You found it on level 3 of the Vaults)

   [amulet of clarity]

   It provides mental clarity.
   It protects you from fire.
 e - the ring "Skeizuz" {rElec MP+9}
   (You took it off a deep elf sorcerer on level 3 of the Elven Halls)

   [ring of magical power]

   It insulates you from electricity.
   It affects your magic capacity (+9).
 f - an uncursed ring of teleportation
 s - an uncursed ring of protection from cold
 A - an uncursed ring of poison resistance
 D - an uncursed amulet of resist mutation
 H - a ring of protection from fire (right hand)
 J - a cursed ring of protection from fire
 R - a +3 ring of slaying
 V - an amulet of regeneration (around neck)
 X - the ring "Pnisebap" {rC+ Str+2}
   (You took it off a vault guard on level 5 of the Vaults)

   [ring of strength]

   It affects your strength (+2).
   It protects you from cold.
Magical devices
 g - a wand of hasting (4)
 m - a wand of fire (5)
 p - a wand of hasting (2)
 v - a wand of teleportation (2)
 B - a wand of fire (6)
 K - a wand of cold (8)
Scrolls
 d - a scroll of blinking
 q - 2 scrolls of fog
 t - 19 scrolls of remove curse
 u - 3 scrolls of identify
 y - 5 scrolls of magic mapping
 I - a scroll of summoning
 M - 7 scrolls of recharging
 Y - 3 scrolls of teleportation
Potions
 i - 7 potions of agility
 j - 3 potions of might
 k - 11 potions of curing
 l - 10 potions of brilliance
 n - a potion of cure mutation
 w - 8 potions of restore abilities
 C - 3 potions of cancellation
 E - 2 potions of heal wounds
 L - 3 potions of haste
 P - 6 potions of resistance
 S - a potion of magic
Miscellaneous
 o - a sack of spiders {used: 2}
Comestibles
 c - 14 meat rations
 G - 5 bread rations


   Skills:
 - Level 18.4 Fighting
 - Level 22.0 Maces & Flails
 - Level 13.2 Throwing
 - Level 8.8 Armour
 - Level 12.4 Dodging
 - Level 1.5 Stealth
 - Level 13.7 Spellcasting
 - Level 14.0 Charms
 - Level 4.8 Summonings
 + Level 13.8 Translocations
 - Level 3.4 Ice Magic
 - Level 6.5 Air Magic
 - Level 17.0 Invocations
 - Level 8.4 Evocations


You had one spell level left.
You knew the following spells:

 Your Spells              Type           Power        Failure   Level  Hunger
a - Apportation           Tloc           ######....   1%          1    None
c - Phase Shift           Tloc           ######....   1%          5    ####...
d - Passage of Golubria   Tloc           N/A          1%          4    ##.....
e - Portal Projectile     Tloc           ######       1%          3    None
h - Haste                 Chrm           ######..     4%          6    ######.
j - Abjuration            Summ           ####......   3%          3    None
q - Blink                 Tloc           N/A          1%          2    None
u - Controlled Blink      Tloc           N/A          21%         7    #######
v - Repel Missiles        Chrm/Air       #####.       1%          2    None
w - Control Teleport      Chrm/Tloc      ######....   1%          4    ##.....
x - Ozocubu's Armour      Chrm/Ice       #####...     1%          3    None
y - Song of Slaying       Chrm           ######..     1%          2    None
z - Flight                Chrm/Air       #####.....   1%          3    None
V - Deflect Missiles      Chrm/Air       #####.....   17%         6    ######.


Dungeon Overview and Level Annotations

Branches:
Dungeon (15/15)            Temple (1/1) D:7            Lair (8/8) D:9
 Shoals (5/5) Lair:6        Snake (5/5) Lair:5        Slime (6/6) Lair:8
    Orc (4/4) D:9             Elf (3/3) Orc:3        Vaults (5/5) D:14
 Depths (3/5) D:15           Hell (1/1)                 Dis (7/7) Hell
    Geh (7/7) Hell            Tar (7/7) Hell
  Crypt: Vaults:2-3     Coc: Hell:1

Altars:
Ashenzari
Cheibriados
Dithmenos
Elyvilon
Fedhas
Gozag
Kikubaaqudgha
Makhleb
Nemelex Xobeh
Okawaru
Qazlal
Ru
Sif Muna
Trog
Vehumet
Xom
Yredelemnul
Zin
The Shining One
Beogh
Jiyva

Shops:
D:6 *   D:13 (*=%}   D:14 :   Orc:4 (*   Depths:2 :

Portals:
Hell: Depths:1 Depths:2
Ziggurat: Depths:2

Annotations:
Shoals:3 Polyphemus
Shoals:5 Ilsuiw
Geh:7 Serpent of Hell


Innate Abilities, Weirdness & Mutations

You are too large for most types of armour.
You have tough skin (AC +1).
You have a pair of small antennae on your head.


Message History

* * * LOW HITPOINT WARNING * * *
The Serpent of Hell misses you.
Your daeva misses the Serpent of Hell.
Your daeva closely misses the Serpent of Hell.
Drink which item? (? for menu, Esc to quit)
You feel much better.
The quicksilver dragon breathes energy at you.
The bolt of dispelling energy is repelled.
The Serpent of Hell breathes flames at you.
The blast of flame is repelled.
The blast of flame hits the balrug.
The balrug completely resists.
The Serpent of Hell breathes fire at you.
The fireball explodes!
The fireball engulfs you! You resist.
* * * LOW HITPOINT WARNING * * *
The fireball engulfs the balrug.
The balrug completely resists.
The fireball engulfs the quicksilver dragon.
The fireball engulfs the Serpent of Hell.
The Serpent of Hell completely resists.
The Serpent of Hell breathes hellfire at you.
The hellfire explodes!
The blast of hellfire engulfs you!
You die...

# .. ⌠.⌠. ....#
##################.....#
................A#D....#
...............DDD⌠.⌠.#
..............@#D
#'#'#'#'#'#+#+#2########
.......................§.
.......§§.......§§....≈≈§
.......§§.§§.....§§≈§≈≈≈§
.
.......§§≈§§§§≈≈≈≈§≈§≈≈≈
...§§§≈≈≈§§§≈≈≈≈≈§≈§§§≈≈
§≈≈§≈§≈≈≈≈≈≈§≈≈§§≈≈≈≈≈..
. ≈≈≈≈≈§§§≈≈§≈§§≈≈≈§§≈≈..
....


You could see the Serpent of Hell, 2 ice dragons, a quicksilver dragon, a balrug
and a friendly daeva.

Vanquished Creatures
  the royal jelly (Slime:6)
  Dispater (Dis:7)
  An ancient lich (Vaults:5)
  Norris (Snake:4)
  Mara (Vaults:5)
  Geryon (Hell)
  4 bone dragons
  4 Brimstone Fiends
  4 liches
  4 tentacled monstrosities (Vaults:5)
  2 Ice Fiends
  4 Hell Sentinels
  7 Shadow Fiends
  12 acid blobs
  5 deep elf blademasters (Elf:3)
  6 titans (Vaults:5)
  A quicksilver dragon (Vaults:5)
  5 deep elf master archers (Elf:3)
  2 krakens
  An octopode crusher (Depths:2)
  An Executioner (Dis:7)
  4 sphinxes (Vaults:5)
  2 ancient champions
  9 shadow dragons
  Frances (Snake:3)
  3 storm dragons (Vaults:5)
  8 tengu reavers
  A revenant (Hell)
  10 greater nagas (Snake:5)
  3 fire giants
  9 azure jellies
  Donald (Snake:5)
  5 frost giants
  6 balrugs
  Aizul (Snake:4)
  An iron dragon (Depths:2)
  Louise (Snake:3)
  7 vault wardens
  Gastronok (D:8)
  7 deep elf sorcerers (Elf:3)
  4 emperor scorpions
  2 cacodemons
  5 war gargoyles
  Jorgrun (Vaults:1)
  6 very ugly things
  3 salamander firebrands
  4 ironheart preservers
  8 stone giants
  20 reapers
  A vampire knight (Depths:2)
  4 deep elf demonologists
  2 dire elephants (Depths:2)
  5 deep elf annihilators
  12 yaktaur captains
  6 merfolk javelineers
  A crystal guardian (Depths:2)
  3 deep elf death magi
  9 merfolk impalers
  2 spectral krakens (Tar:7)
  4 quicksilver dragon zombies
  2 minotaurs
  5 death oozes
  A green death (Hell)
  Josephine (D:12)
  9 ettins
  32 vault guards
  2 fire dragons
  4 deep elf high priests
  Fannar (Lair:8)
  11 naga warriors
  5 great orbs of eyes
  5 ice dragons
  A catoblepas (Depths:2)
  10 anacondas
  2 hell beasts (Hell)
  9 ogre magi
  18 death yaks
  4 merfolk aquamancers (Shoals:5)
  3 merfolk avatars
  2 rakshasas (Depths:1)
  10 hydras
  2 dancing weapons (Vaults:5)
  7 centaur warriors
  4 titan zombies
  2 satyrs (Shoals:3)
  5 tengu warriors
  7 naga sharpshooters
  A vampire mage (Depths:3)
  4 deep troll shamans
  7 hell hogs
  9 soul eaters
  2 storm dragon zombies
  4 iron golems
  8 shock serpents
  Nergalle (D:11)
  15 deep elf knights
  6 shadow demons
  A titan skeleton (Tar:1)
  A fire crab (shapeshifter) (Vaults:5)
  2 shadow wraiths
  10 sun demons
  A storm dragon skeleton (Tar:4)
  11 ice devils
  2 fire crabs (Depths:2)
  6 deep trolls
  A death drake (Tar:1)
  2 anaconda zombies (Hell)
  An unseen horror (D:13)
  16 skeletal warriors
  8 naga ritualists (Snake:5)
  A golden dragon zombie (Dis:7)
  3 salamander mystics
  19 sea snakes
  9 hell knights
  8 flayed ghosts
  2 giant orange brains (Vaults:1)
  3 ice statues (IceCv)
  10 deep elf summoners
  2 iron trolls (Depths:2)
  11 hill giants
  9 ironbrand convokers
  7 mana vipers
  An anaconda skeleton (Tar:3)
  2 shining eyes (Slime:6)
  2 golden dragon skeletons (Geh:1)
  5 necromancers
  6 griffons
  A shadow dragon zombie (Dis:7)
  9 harpies
  12 deep elf conjurers
  4 fire giant zombies
  6 water nymphs
  4 frost giant zombies
  3 shadow dragon skeletons
  6 orc knights
  3 iron dragon zombies
  18 ugly things
  A draconian (shapeshifter) (Vaults:5)
  3 cyclopes
  3 stone giant zombies
  9 phantasmal warriors
  21 salamanders
  A manticore (shapeshifter) (Elf:3)
  4 orc sorcerers
  A wolf spider (Vaults:5)
  12 fauns
  A hornet (shapeshifter) (Vaults:1)
  3 frost giant skeletons
  25 black mambas
  7 elephants
  8 manticores
  Maurice (D:8)
  4 centaur zombies
  2 sixfirhies
  4 dire elephant zombies
  8 vault sentinels
  A fire giant skeleton (Tar:2)
  17 guardian serpents
  Joseph (D:8)
  10 molten gargoyles
  A centaur skeleton (D:12)
  A shock serpent zombie (Geh:5)
  6 sirens
  2 stone giant skeletons
  2 drowned souls (Shoals:3)
  22 rust devils
  A smoke demon (Geh:1)
  2 dire elephant skeletons
  A shock serpent skeleton (Geh:3)
  Psyche (D:10)
  10 naga magi
  3 orange demons (Depths:2)
  3 emperor scorpion zombies
  15 hellions
  An eye of devastation (Slime:6)
  10 spiny frogs
  37 yaktaurs
  22 tormentors
  3 komodo dragons
  A hellwing (Depths:2)
  11 deep elf priests
  3 demonic crawlers
  A spriggan druid (Lair:8)
  A fire drake (Lair:6)
  2 harpy zombies
  3 polar bears (Lair:8)
  3 trolls
  5 human zombies
  17 red devils
  2 hydra zombies (Hell)
  4 tengu conjurers
  6 freezing wraiths
  A silent spectre (Tar:4)
  13 blue devils
  27 merfolk
  Sonja (D:13)
  An anaconda simulacrum (IceCv)
  6 blink frogs
  18 ravens
  2 jumping spiders
  4 boulder beetles
  A hydra skeleton (Tar:1)
  18 two-headed ogres
  3 wind drakes
  A minotaur skeleton (Geh:3)
  An alligator zombie (Tar:1)
  4 ettin zombies
  2 raiju (Depths:2)
  2 fire dragon zombies
  An ice dragon zombie (Tar:3)
  A spriggan zombie (Hell)
  A basilisk (Lair:8)
  A deep troll zombie (Hell)
  76 slime creatures
  9 snapping turtles
  A black mamba zombie (Dis:4)
  10 redbacks
  2 tarantellas
  24 flying skulls
  9 deep elf magi
  7 spriggans (Lair:8)
  6 water elementals
  A trapdoor spider (D:14)
  An ice dragon skeleton (Tar:2)
  15 shadows
  A wyvern (D:8)
  3 ettin skeletons
  3 fire dragon skeletons
  9 fire elementals
  8 vampires
  15 wraiths
  An orc simulacrum (Vaults:2)
  35 yaks
  A black mamba skeleton (Tar:4)
  A human (Hell)
  31 deep elf fighters
  10 hippogriffs
  3 hungry ghosts
  Grum (D:8)
  3 dire elephant simulacra (IceCv)
  A golden eye (Slime:5)
  19 vampire mosquitoes
  3 mottled dragons
  3 wargs
  3 iron troll simulacra (IceCv)
  2 soldier ants
  A chaos spawn (Tar:4)
  62 nagas
  A spiny frog zombie (Dis:3)
  27 wolves
  5 sky beasts
  25 hell hounds
  19 water moccasins
  2 hydra simulacra
  9 necrophages
  32 orc warriors
  2 orc zombies
  Purgy (D:3)
  A snapping turtle zombie (Tar:5)
  A spiny frog skeleton (Hell)
  8 spiders (Snake:3)
  An alligator simulacrum (Hell)
  6 eyes of draining
  11 porcupines
  4 boggarts (Vaults:1)
  42 ogres
  7 phantoms
  2 ettin simulacra (IceCv)
  18 centaurs
  9 black bears
  10 crocodiles
  A swamp dragon skeleton (Tar:2)
  14 ice beasts
  A torpor snail zombie (Hell)
  3 wasps
  A snapping turtle skeleton (Geh:1)
  3 vampire mosquito zombies (D:12)
  A lost soul (Hell)
  Duvessa (D:5)
  A crocodile (shapeshifter) (Vaults:3)
  13 giant frogs
  A big kobold (D:13)
  An elf zombie (D:15)
  Blork the orc (D:9)
  4 scorpions
  33 wights
  16 killer bees
  A spriggan skeleton (Geh:4)
  A lava snake (Snake:5)
  2 electric eels
  7 crimson imps
  8 hounds
  14 jellies
  28 orc priests
  8 worker ants
  A giant frog zombie (D:13)
  10 iron imps
  A human skeleton (D:15)
  23 orc wizards
  A giant frog skeleton (D:12)
  Natasha (thrice) (D:4)
  7 iguanas
  A spectral orc (D:11)
  2 hell rats
  27 sheep
  3 ogre zombies
  Ijyb (D:3)
  A hound zombie (D:7)
  4 mummies (D:15)
  Robin (D:3)
  15 adders
  4 gnolls
  53 river rats
  12 shadow imps
  A white imp (Vaults:3)
  4 giant mites
  3 worms
  An adder skeleton (D:4)
  An adder zombie (D:5)
  7 giant geckos
  217 orcs
  14 bats
  6 giant cockroaches
  28 goblins
  10 hobgoblins
  2 jackals (D:10)
  12 kobolds
  7 quokkas
  A ball python (D:3)
  A giant gecko zombie (D:5)
  4 giant newts
  A giant spore (D:13)
  A jackal zombie (D:8)
  11 rats
  21 ballistomycetes
  10 tentacles
2477 creatures vanquished.

Vanquished Creatures (collateral kills)
  Ereshkigal (Tar:7)
  A salamander (Snake:5)
  A black mamba (Snake:5)
  A guardian serpent (Snake:5)
  A naga mage (Snake:5)
  A giant gecko (D:2)
  A ball python (D:1)
  A bat (D:2)
  A giant cockroach (D:1)
  A giant newt (D:1)
  3 goblins (D:1)
  2 kobolds (D:1)
  A rat (D:1)
16 creatures vanquished.

Vanquished Creatures (others)
  An eldritch tentacle (Geh:7)
  A fire giant (Vaults:5)
  A spriggan air mage (Depths:2)
  A shock serpent (Snake:5)
  2 sea snakes
  A harpy (Shoals:1)
  A salamander (Geh:7)
  6 drowned souls
  A black mamba (Snake:5)
  A raven (D:15)
  A trapdoor spider (Vaults:5)
  An ettin zombie (Dis:7)
  An ogre (Vaults:5)
  A necrophage (Geh:3)
  2 spiders
  4 lost souls (Hell)
  2 wights
  An iguana (D:11)
  5 orcs
  A quokka (D:1)
  A bat (D:1)
  5 giant spores
  5 rats
  47 eldritch tentacle segments (Geh:7)
  2 fungi
  A plant (Shoals:4)
  43 tentacles
  1809 tentacle segments
1948 creatures vanquished.

Grand Total: 4441 creatures vanquished

Notes
Turn   | Place    | Note
--------------------------------------------------------------
     0 | D:1      | Tolias, the Ogre Summoner, began the quest for the Orb.
     0 | D:1      | Reached XP level 1. HP: 16/16 MP: 3/3
    14 | D:1      | Reached skill level 3 in Summonings
   191 | D:1      | Reached skill level 1 in Throwing
   262 | D:1      | Reached XP level 2. HP: 26/26 MP: 3/5
   356 | D:2      | Reached skill level 1 in Maces & Flails
   459 | D:2      | Reached XP level 3. HP: 19/32 MP: 4/6
   508 | D:2      | Found a snail-covered altar of Cheibriados.
   533 | D:3      | Noticed Purgy
   598 | D:2      | Found a radiant altar of Vehumet.
   648 | D:2      | HP: 1/32 [poisoned by an adder]
  1032 | D:3      | Reached XP level 4. HP: 28/40 MP: 8/8
  1034 | D:3      | Noticed Robin
  1654 | D:3      | Reached skill level 4 in Maces & Flails
  1691 | D:3      | Killed Robin
  1702 | D:3      | Found a burning altar of Makhleb.
  1953 | D:3      | Reached XP level 5. HP: 35/46 MP: 9/9
  2010 | D:3      | Noticed Ijyb
  2028 | D:3      | Killed Ijyb
  2189 | D:4      | Noticed Natasha
  2198 | D:4      | Killed Natasha
  2198 | D:4      | Reached skill level 1 in Fighting
  2198 | D:4      | Reached skill level 5 in Maces & Flails
  2240 | D:4      | Noticed Natasha
  2246 | D:4      | Killed Natasha
  2289 | D:4      | Reached XP level 6. HP: 37/57 MP: 11/11
  2464 | D:4      | Reached skill level 6 in Maces & Flails
  2522 | D:4      | Found a shadowy altar of Dithmenos.
  2566 | D:4      | Noticed Natasha
  2567 | D:4      | Killed Natasha
  2697 | D:5      | Entered Level 5 of the Dungeon
  2809 | D:5      | Found a glowing golden altar of the Shining One.
  2819 | D:5      | Became a worshipper of the Shining One
  3133 | D:3      | Killed Purgy
  3133 | D:3      | Reached skill level 7 in Maces & Flails
  3133 | D:3      | Reached XP level 7. HP: 23/68 MP: 12/12
  3468 | D:5      | Noticed Duvessa
  3507 | D:5      | Killed Duvessa
  3507 | D:5      | Reached skill level 8 in Maces & Flails
  3806 | D:6      | Acquired the Shining One's first power
  3825 | D:6      | Reached XP level 8. HP: 67/79 MP: 14/14
  3834 | D:6      | Found Blac's Assorted Antiques.
  3847 | D:6      | and none shall survive the wrath of the shining one
  3847 | D:6      | amen
  3850 | D:6      | Bought a scroll labeled NOCHUU CAUCRIG for 26 gold pieces
  3850 | D:6      | Bought a scroll labeled VAW TENA CLI for 26 gold pieces
  3866 | D:6      | Reached skill level 5 in Fighting
  3913 | D:6      | Found a stormy altar of Qazlal.
  3994 | D:6      | Reached skill level 1 in Invocations
  4080 | D:6      | Noticed a water moccasin
  4091 | D:6      | Killed a water moccasin
  4091 | D:6      | Reached skill level 5 in Throwing
  4466 | D:7      | Reached skill level 9 in Maces & Flails
  4470 | D:7      | You fall through a shaft for 3 floors!
  4470 | D:10     | Entered Level 10 of the Dungeon
  4475 | D:10     | Noticed a troll
  4552 | D:9      | Noticed Blork the orc
  4567 | D:9      | Killed Blork the orc
  4617 | D:9      | Reached skill level 10 in Maces & Flails
  4617 | D:9      | Reached XP level 9. HP: 78/89 MP: 15/15
  4685 | D:9      | Reached skill level 1 in Evocations
  4732 | D:9      | Found a roughly hewn altar of Beogh.
  4876 | D:9      | bear strong
  4876 | D:9      | and holy
  5027 | D:9      | Found a shimmering altar of Xom.
  5095 | D:9      | Found a staircase to the Lair.
  5103 | Lair:1   | Entered Level 1 of the Lair of Beasts
  5103 | Lair:1   | Noticed a komodo dragon
  5103 | Lair:1   | Noticed a black mamba
  5238 | D:8      | Noticed Gastronok
  5328 | D:8      | Killed Gastronok
  5328 | D:8      | Reached skill level 12 in Maces & Flails
  5328 | D:8      | Reached XP level 10. HP: 105/107 MP: 11/17
  5365 | D:8      | Noticed Joseph
  5430 | D:8      | Acquired the Shining One's second power
  5447 | D:8      | Killed Joseph
  5468 | D:7      | Found a sacrificial altar of Ru.
  5617 | Lair:1   | Killed a black mamba
  5617 | Lair:1   | Reached skill level 13 in Maces & Flails
  5621 | Lair:1   | Killed a komodo dragon
  5820 | Lair:1   | Reached skill level 14 in Maces & Flails
  5879 | Lair:1   | Noticed a black mamba
  5885 | Lair:1   | Killed a black mamba
  5974 | Lair:1   | Noticed a spiny frog
  5982 | Lair:1   | Killed a spiny frog
  5982 | Lair:1   | Reached skill level 15 in Maces & Flails
  6049 | Lair:1   | Reached XP level 11. HP: 80/115 MP: 16/18
  6181 | Lair:1   | Noticed a six-headed hydra
  6186 | Lair:1   | Killed a six-headed hydra
  6186 | Lair:1   | Reached skill level 16 in Maces & Flails
  6327 | Lair:1   | Reached skill level 1 in Armour
  6417 | Lair:2   | Gained mutation: You are agile. (Dex +2) [potion of beneficial mutation]
  6651 | Lair:3   | Noticed a seven-headed hydra
  6663 | Lair:3   | Killed a seven-headed hydra
  6949 | Lair:5   | Found a labyrinth entrance.
  6977 | Lair:5   | Learned a level 2 spell: Repel Missiles
  6981 | Lair:5   | Learned a level 3 spell: Flight
  6988 | Lab      | Entered a labyrinth
  7138 | Lab      | Noticed a minotaur
  7146 | Lab      | Killed a minotaur
  7170 | Lab      | Identified Zozoy's Disquisition on Flight (You found it in a labyrinth)
  7376 | Lair:5   | Noticed a seven-headed hydra
  7382 | Lair:5   | Killed a seven-headed hydra
  7382 | Lair:5   | Reached XP level 12. HP: 124/124 MP: 19/19
  7460 | Lair:5   | Reached skill level 5 in Armour
  7496 | Lair:5   | Found a staircase to the Snake Pit.
  7501 | Snake:1  | Entered Level 1 of the Snake Pit
  7734 | Snake:2  | Noticed a naga warrior
  7735 | Snake:2  | Noticed a naga warrior
  7754 | Snake:2  | Killed a naga warrior
  7754 | Snake:2  | Reached skill level 10 in Throwing
  7764 | Snake:2  | Killed a naga warrior
  8016 | Snake:1  | Noticed a naga warrior
  8035 | Snake:1  | Killed a naga warrior
  8035 | Snake:1  | Reached skill level 5 in Dodging
  8166 | Snake:2  | Noticed a shock serpent
  8176 | Snake:2  | Killed a shock serpent
  8176 | Snake:2  | Reached skill level 1 in Charms
  8176 | Snake:2  | Reached skill level 1 in Air Magic
  8262 | Lair:5   | Noticed an eight-headed hydra
  8266 | Lair:5   | Killed an eight-headed hydra
  8349 | Lair:6   | Reached XP level 13. HP: 67/131 MP: 17/20
  8630 | Lair:6   | Noticed a death yak
  8631 | Lair:6   | Noticed a death yak
  8632 | Lair:6   | Noticed a death yak
  8632 | Lair:6   | Noticed a death yak
  8632 | Lair:6   | Noticed a death yak
  8643 | Lair:6   | Killed a death yak
  8649 | Lair:6   | Killed a death yak
  8654 | Lair:6   | Killed a death yak
  8658 | Lair:6   | Killed a death yak
  8662 | Lair:6   | Killed a death yak
  8750 | Lair:6   | Found a staircase to the Shoals.
  8755 | Shoals:1 | Entered Level 1 of the Shoals
  8908 | Lair:6   | Reached skill level 10 in Fighting
  9204 | Lair:8   | Entered Level 8 of the Lair of Beasts
  9204 | Lair:8   | Found a viscous altar of Jiyva.
  9204 | Lair:8   | Found a staircase to the Slime Pits.
  9423 | Lair:8   | Reached skill level 17 in Maces & Flails
  9468 | Lair:8   | Acquired the Shining One's third power
  9485 | Lair:8   | Noticed Fannar
  9500 | Lair:8   | Killed Fannar
  9605 | Lair:8   | Reached XP level 14. HP: 75/148 MP: 11/21
 10108 | Lair:7   | Reached skill level 18 in Maces & Flails
 10572 | D:10     | Noticed a hill giant
 10583 | D:10     | Killed a hill giant
 10793 | D:12     | Noticed Josephine
 10802 | D:12     | Killed Josephine
 10819 | D:12     | Acquired the Shining One's fourth power
 11137 | D:10     | Noticed Psyche
 11141 | D:10     | Killed Psyche
 11194 | D:10     | Killed a troll
 11207 | D:10     | Noticed a hill giant
 11210 | D:10     | Noticed a two-headed ogre
 11213 | D:10     | Killed a hill giant
 11216 | D:10     | Killed a two-headed ogre
 11643 | D:12     | Reached skill level 19 in Maces & Flails
 12448 | D:9      | Found a staircase to the Orcish Mines.
 12454 | Orc:1    | Entered Level 1 of the Orcish Mines
 12454 | Orc:1    | Found a radiant altar of Vehumet.
 12592 | Orc:2    | Found a bloodstained altar of Trog.
 12796 | Orc:3    | Found a roughly hewn altar of Beogh.
 12810 | Orc:4    | Entered Level 4 of the Orcish Mines
 13221 | Orc:4    | Found Inacva's Assorted Antiques.
 13239 | Orc:4    | Bought a fuming purple potion for 22 gold pieces
 13239 | Orc:4    | Bought 2 scrolls of identify for 100 gold pieces
 13239 | Orc:4    | Bought a scroll of recharging for 237 gold pieces
 13239 | Orc:4    | Bought a scroll of magic mapping for 87 gold pieces
 13253 | Orc:4    | Found Woefaf's Weapon Shoppe.
 13434 | Orc:3    | Found a staircase to the Elven Halls.
 13462 | Elf:1    | Entered Level 1 of the Elven Halls
 13473 | Elf:1    | Reached XP level 15. HP: 165/165 MP: 22/22
 13604 | Elf:3    | Entered Level 3 of the Elven Halls
 13700 | Elf:2    | Reached skill level 20 in Maces & Flails
 13726 | Elf:2    | Noticed a Brimstone Fiend
 13733 | Elf:2    | Killed a Brimstone Fiend
 14110 | Elf:3    | Found a frozen archway.
 14149 | IceCv    | Entered an ice cave
 14420 | IceCv    | Noticed an Ice Fiend
 14433 | IceCv    | Killed an Ice Fiend
 14653 | Elf:3    | Reached skill level 21 in Maces & Flails
 14778 | Elf:3    | Noticed a deep elf blademaster
 14786 | Elf:3    | Noticed a deep elf master archer
 14802 | Elf:3    | Killed a deep elf blademaster
 14802 | Elf:3    | Reached skill level 10 in Dodging
 14802 | Elf:3    | Reached XP level 16. HP: 99/174 MP: 6/22
 14809 | Elf:3    | Killed a deep elf master archer
 14985 | Elf:3    | Noticed a deep elf blademaster
 15002 | Elf:3    | Noticed a deep elf blademaster
 15002 | Elf:3    | Killed a deep elf blademaster
 15081 | Elf:3    | Noticed a deep elf master archer
 15097 | Elf:3    | Killed a deep elf master archer
 15184 | Elf:3    | Reached skill level 22 in Maces & Flails
 15243 | Elf:3    | Killed a deep elf blademaster
 15243 | Elf:3    | Reached skill level 15 in Fighting
 15365 | Elf:3    | Noticed a deep elf master archer
 15366 | Elf:3    | Noticed a deep elf master archer
 15508 | Elf:3    | Killed a deep elf master archer
 15548 | Elf:3    | Got a glittering glass ring
 15563 | Elf:3    | Reached skill level 5 in Evocations
 15612 | Elf:3    | Killed a deep elf master archer
 15670 | Elf:3    | Identified the ring "Skeizuz" {rElec MP+9} (You took it off a deep elf sorcerer on level 3 of the Elven Halls)
 15797 | Elf:3    | Noticed a deep elf blademaster
 15798 | Elf:3    | Noticed a deep elf blademaster
 15819 | Elf:3    | Killed a deep elf blademaster
 15844 | Elf:3    | Noticed a deep elf master archer
 15865 | Elf:3    | Killed a deep elf master archer
 15892 | Elf:3    | Killed a deep elf blademaster
 15949 | Elf:3    | Identified Lehudib's Tome of Attacks and Fire
 15956 | Elf:3    | Identified the Handbook of Venomous Companions
 15988 | Elf:3    | Gained mutation: You have a pair of small antennae on your head. [potion of beneficial mutation]
 15998 | Elf:3    | Learned a level 2 spell: Blink
 16019 | Elf:3    | Learned a level 5 spell: Phase Shift
 16020 | Elf:3    | Identified Traahy's Incunabulum of Lucky Confrontation
 16166 | Elf:2    | Noticed a Brimstone Fiend
 16167 | Elf:2    | Noticed a Hell Sentinel
 16179 | Elf:2    | Reached XP level 17. HP: 52/187 MP: 7/26
 16294 | Orc:1    | Found a roughly hewn altar of Beogh.
 16597 | Snake:3  | Noticed Louise
 16656 | Snake:3  | Killed Louise
 16734 | Snake:3  | Learned a level 3 spell: Abjuration
 16867 | Snake:5  | Entered Level 5 of the Snake Pit
 16871 | Snake:4  | Noticed Norris
 16890 | Snake:4  | Killed Norris
 17001 | Snake:4  | Noticed Aizul
 17024 | Snake:4  | Killed Aizul
 17467 | Snake:4  | Reached skill level 1 in Translocations
 17501 | Snake:5  | Noticed Donald
 17545 | Snake:5  | HP: 2/187 [salamander/halberd (12)]
 18229 | Snake:5  | Was placed under penance by the Shining One
 18231 | Snake:5  | what the fuck you faggot
 18416 | Snake:5  | Reached skill level 5 in Translocations
 18652 | Snake:5  | Reached XP level 18. HP: 177/196 MP: 28/28
 18743 | Snake:5  | Killed Donald
 19894 | Snake:5  | seriously I hope the guy that thought of new guardian serpents get colon cancer
 19899 | Snake:5  | Reached skill level 5 in Air Magic
 19962 | Snake:5  | Reached skill level 5 in Charms
 20021 | Snake:5  | Got a serpentine rune of Zot
 20200 | Snake:3  | Noticed Frances
 20200 | Snake:3  | Was forgiven by the Shining One
 20214 | Snake:3  | Killed Frances
 20592 | Shoals:1 | Noticed a kraken
 20735 | Shoals:1 | Noticed a merfolk impaler
 20823 | Shoals:1 | Killed a merfolk impaler
 21244 | Shoals:2 | Found a runed door.
 21258 | Shoals:2 | Reached XP level 19. HP: 150/204 MP: 12/29
 21542 | Shoals:3 | Identified a +2 rod of ignition (14/14) (You found it on level 3 of the Shoals)
 21650 | Shoals:4 | Noticed Polyphemus
 22335 | Shoals:5 | Entered Level 5 of the Shoals
 22335 | Shoals:5 | Noticed Ilsuiw
 22641 | Shoals:5 | Reached skill level 5 in Spellcasting
 22765 | Shoals:5 | Got a barnacled rune of Zot
 23112 | Slime:1  | Entered Level 1 of the Pits of Slime
 23655 | Slime:4  | Reached XP level 20. HP: 167/213 MP: 17/31
 23750 | Slime:6  | Entered Level 6 of the Pits of Slime
 23892 | Slime:6  | Found a viscous altar of Jiyva.
 23892 | Slime:6  | Gained mutation: You expend magic power (3 MP) to slightly strengthen your wands. [a shining eye]
 23901 | Slime:6  | Noticed the royal jelly
 23921 | Slime:6  | Killed the royal jelly
 24135 | Slime:6  | Gained mutation: You occasionally shout uncontrollably at your foes. [a shining eye]
 24219 | Slime:6  | ......
 24638 | D:13     | Found Teesher's Gadget Emporium.
 24677 | D:13     | Bought a wand of teleportation (2) for 252 gold pieces
 24677 | D:13     | Bought a wand of fireball (4) for 224 gold pieces
 24741 | D:14     | Found Jian's Book Shop.
 24779 | D:14     | Bought the Incunabulum of Bewitching Enhancements for 711 gold pieces
 24800 | D:14     | Learned a level 3 spell: Ozocubu's Armour
 24939 | D:13     | Reached skill level 1 in Ice Magic
 25011 | D:13     | Learned a level 2 spell: Song of Slaying
 25042 | D:13     | Noticed Sonja
 25047 | D:13     | Killed Sonja
 25094 | D:13     | Found Pleikh's Food Emporium.
 25224 | D:13     | Found Cha March's Jewellery Emporium.
 25256 | D:13     | Bought an uncursed ring of protection from fire for 450 gold pieces
 25280 | D:13     | Found Waag's Assorted Antiques.
 25284 | D:13     | Bought a worn iron wand for 76 gold pieces
 25285 | D:13     | Bought a scroll of magic mapping for 66 gold pieces
 25285 | D:13     | Bought a scroll of teleportation for 57 gold pieces
 25422 | D:13     | Found Greabra's Antique Weapon Shop.
 25604 | D:14     | Found a gate to the Vaults.
 25700 | Vaults:1 | Entered Level 1 of the Vaults
 25774 | Vaults:1 | Noticed Jorgrun
 25781 | Vaults:1 | Killed Jorgrun
 26018 | Vaults:1 | Learned a level 6 spell: Haste
 26441 | Vaults:1 | Reached skill level 10 in Charms
 26540 | Vaults:1 | Reached XP level 21. HP: 208/220 MP: 34/34
 26590 | Vaults:1 | Reached skill level 10 in Translocations
 26815 | Vaults:3 | Got a sparkling crystal amulet
 26816 | Vaults:3 | Identified the amulet "Zideiti" {Clar rF+} (You found it on level 3 of the Vaults)
 27144 | Vaults:5 | Entered Level 5 of the Vaults
 27248 | Vaults:5 | Noticed Mara
 27273 | Vaults:5 | Reached skill level 5 in Invocations
 27842 | Vaults:5 | Reached XP level 22. HP: 229/229 MP: 35/35
 27906 | Vaults:5 | Learned a level 3 spell: Portal Projectile
 27911 | Vaults:5 | Learned a level 4 spell: Passage of Golubria
 28335 | Vaults:5 | Killed Mara
 28390 | Vaults:5 | Reached skill level 10 in Spellcasting
 28636 | Vaults:5 | Noticed an ancient lich
 28663 | Vaults:5 | Killed an ancient lich
 28726 | Vaults:5 | Got a smoking platinum ring
 28729 | Vaults:5 | Identified the ring "Pnisebap" {rC+ Str+2} (You took it off a vault guard on level 5 of the Vaults)
 28799 | Vaults:5 | Identified a +4 rod of inaccuracy (3/9) {!a} (You took it off a yaktaur captain on level 5 of the Vaults)
 28933 | Vaults:5 | Identified Sif Muna's Collected Works on the Traveller
 28943 | Vaults:5 | Got a silver rune of Zot
 29103 | Vaults:5 | Learned a level 6 spell: Deflect Missiles
 29715 | D:14     | Gained mutation: You are resistant to hostile enchantments. [potion of beneficial mutation]
 30004 | D:11     | Noticed Nergalle
 30037 | D:11     | Killed Nergalle
 30377 | D:8      | Noticed Grum
 30392 | D:8      | Killed Grum
 30419 | D:8      | Noticed Maurice
 30421 | D:8      | Noticed a centaur zombie
 30425 | D:8      | Killed Maurice
 30429 | D:8      | Killed a centaur zombie
 30612 | D:7      | Identified a +0 rod of shadows (14/14) (You found it on level 7 of the Dungeon)
 30621 | D:7      | Found a staircase to the Ecumenical Temple.
 30636 | Temple   | Entered the Ecumenical Temple
 30640 | Temple   | Identified a +6 giant spiked club of holy wrath (a +4 giant spiked club of protection blessed by the Shining One)
 30871 | D:15     | Entered Level 15 of the Dungeon
 30922 | D:15     | Found a staircase to the Depths.
 30940 | D:15     | Reached XP level 23. HP: 155/238 MP: 20/38
 31113 | D:15     | Found a basalt altar of Yredelemnul.
 31298 | Depths:1 | Entered Level 1 of the Depths
 31520 | Depths:2 | Found a gateway to Hell.
 31543 | Depths:2 | Found Qoiplofo's Book Shop.
 31569 | Hell     | Entered the Vestibule of Hell
 31569 | Hell     | Noticed Geryon
 32085 | Depths:2 | Found a gateway to a ziggurat.
 32201 | Hell     | Reached skill level 10 in Invocations
 32212 | Hell     | Killed Geryon
 32260 | Hell     | Found a gateway to the decaying netherworld of Tartarus.
 32311 | Hell     | Found a gateway to the Iron City of Dis.
 32332 | Dis:1    | Entered Level 1 of the Iron City of Dis
 32332 | Dis:1    | Found a gateway to Hell.
 32487 | Dis:3    | Found a gateway to Hell.
 32672 | Dis:3    | Found a gateway to Hell.
 32881 | Dis:5    | Found a gateway to Hell.
 32893 | Dis:5    | Found a gateway to Hell.
 32908 | Dis:5    | Found a gateway to Hell.
 32923 | Dis:5    | Reached XP level 24. HP: 173/248 MP: 35/39
 32949 | Dis:6    | Found a gateway to Hell.
 33001 | Dis:7    | Entered Level 7 of the Iron City of Dis
 33001 | Dis:7    | Found a gateway to Hell.
 33001 | Dis:7    | Found a gateway to Hell.
 33002 | Dis:7    | Found a gateway to Hell.
 33244 | Dis:7    | Noticed Dispater
 33268 | Dis:7    | Killed Dispater
 33292 | Dis:7    | Got an iron rune of Zot
 33302 | Dis:7    | Identified Ghadar's Disquisition on Displaced Transmutation
 34008 | Depths:2 | Got a wavering tin ring
 34009 | Depths:2 | Identified the ring "Claer" {rElec rF+ rC- rN+ MR+ Slay-3} (You took it off a tengu reaver on level 2 of the Depths)
 34375 | Depths:1 | Learned a level 7 spell: Controlled Blink
 35197 | Vaults:5 | Learned a level 1 spell: Apportation
 35302 | Vaults:5 | Reached XP level 25. HP: 264/264 MP: 41/41
 35603 | Depths:2 | Bought a book of the Warp for 1260 gold pieces
 35610 | Depths:2 | Learned a level 4 spell: Control Teleport
 35675 | Tar:1    | Entered Level 1 of Tartarus
 35712 | Tar:1    | Reached skill level 15 in Invocations
 36589 | Tar:5    | You fall through a shaft!
 36593 | Tar:7    | Entered Level 7 of Tartarus
 36714 | Tar:7    | Noticed Ereshkigal
 36731 | Tar:7    | Killed Ereshkigal
 36755 | Tar:7    | Got a bone rune of Zot
 36837 | Hell     | Found a gateway to the ashen valley of Gehenna.
 36853 | Geh:1    | Entered Level 1 of Gehenna
 37412 | Geh:7    | Entered Level 7 of Gehenna
 37427 | Geh:7    | Reached XP level 26. HP: 101/273 MP: 14/42
 37787 | Geh:7    | HP: 12/273 [red devil/demon trident[a balrug] (17)]
 37790 | Geh:7    | Lost mutation: You expend magic power (3 MP) to slightly strengthen your wands. [potion of cure mutation]
 37790 | Geh:7    | Lost mutation: You are agile. (Dex +2) [potion of cure mutation]
 37790 | Geh:7    | Lost mutation: You are resistant to hostile enchantments. [potion of cure mutation]
 37790 | Geh:7    | Lost mutation: You occasionally shout uncontrollably at your foes. [potion of cure mutation]
 37896 | Geh:7    | Noticed the Serpent of Hell
 37906 | Geh:7    | Killed from afar by the Serpent of Hell

Action                   |  1- 3 |  4- 6 |  7- 9 | 10-12 | 13-15 | 16-18 | 19-21 | 22-24 | 25-27 || total
-------------------------+-------+-------+-------+-------+-------+-------+-------+-------+-------++-------
Melee: Unarmed           |    11 |       |       |       |       |       |       |     1 |       ||    12
       Flail             |    83 |   213 |   222 |       |       |       |       |       |       ||   518
       Dire flail        |       |       |   122 |   149 |       |       |       |       |       ||   271
       Giant spiked club |       |       |       |   295 |  1283 |   988 |  1494 |  1553 |   656 ||  6269
 Fire: Blowgun           |       |     6 |       |       |       |       |       |       |       ||     6
Throw: Stone             |    30 |    30 |       |     2 |       |       |       |       |       ||    62
       Large rock        |     1 |     8 |    16 |    15 |       |    39 |    82 |    91 |    44 ||   296
       Tomahawk          |       |    25 |    39 |    33 |    37 |   365 |    35 |       |       ||   534
       Javelin           |       |       |    18 |    34 |    19 |    25 |     5 |       |       ||   101
       Throwing net      |       |       |       |       |       |       |     1 |       |       ||     1
 Cast: Summon Small Mamm |    26 |       |       |       |       |       |       |       |       ||    26
       Repel Missiles    |       |       |       |       |    10 |    25 |    16 |    10 |     1 ||    62
       Flight            |       |       |       |       |       |    21 |    15 |       |     1 ||    37
       Blink             |       |       |       |       |       |     5 |     1 |     4 |     7 ||    17
       Phase Shift       |       |       |       |       |       |     6 |    37 |    14 |     2 ||    59
       Ozocubu's Armour  |       |       |       |       |       |       |    19 |    35 |    10 ||    64
       Haste             |       |       |       |       |       |       |     4 |    16 |     9 ||    29
       Portal Projectile |       |       |       |       |       |       |       |     2 |     4 ||     6
       Apportation       |       |       |       |       |       |       |       |       |     7 ||     7
       Control Teleport  |       |       |       |       |       |       |       |       |     2 ||     2
Invok: Divine Shield     |       |       |       |     1 |     1 |     2 |     4 |     2 |     1 ||    11
       Cleansing Flame   |       |       |       |       |       |       |       |    20 |    16 ||    36
       Summon Divine War |       |       |       |       |       |       |       |     1 |     2 ||     3
 Abil: Evoke Berserk Rag |       |       |     3 |     7 |     5 |     5 |       |       |       ||    20
       Evoke Teleportati |       |       |       |       |    12 |     7 |     4 |     6 |    24 ||    53
Evoke: Wand              |       |       |       |     1 |     2 |    14 |    12 |     3 |     2 ||    34
       Rod               |       |       |       |       |       |       |     2 |     6 |       ||     8
       Sack of spiders   |       |       |       |       |       |       |     1 |     1 |       ||     2
  Use: Scroll            |     2 |     2 |    15 |    15 |    20 |    16 |     8 |    17 |     4 ||    99
       Potion            |     1 |     1 |     1 |     3 |       |     6 |     4 |     2 |     5 ||    23
 Stab: Sleeping          |     1 |     2 |     1 |       |       |       |       |       |       ||     4
       Fleeing           |       |       |       |       |     1 |       |       |       |       ||     1
  Eat: Chunk             |     1 |     7 |    11 |    15 |    32 |    28 |    28 |    34 |     3 ||   159
       Royal jelly       |       |       |     1 |       |     1 |       |       |     1 |       ||     3
       Beef jerky        |       |       |       |     1 |       |     8 |       |     1 |       ||    10
       Fruit             |       |       |       |     1 |       |     5 |     5 |       |       ||    11
       Pizza             |       |       |       |       |     1 |       |     1 |     2 |       ||     4
       Meat ration       |       |       |       |       |       |       |     4 |     1 |       ||     5
       Bread ration      |       |       |       |       |       |       |       |     3 |     7 ||    10
